 Dungeon Crawl Stone Soup version 0.20-a0-1122-gb7cbeb9 (webtiles) character file.

708 Dominolapin the Covert (level 7, 0/32 HPs)
             Began as a Spriggan Enchanter on May 12, 2017.
             Slain by Shinoi's ghost (8 damage)
             ... on level 4 of the Dungeon.
             The game lasted 00:11:23 (4217 turns).

Dominolapin the Covert (Spriggan Enchanter)         Turns: 4217, Time: 00:11:24

Health: 0/32       AC:  4    Str:  4    XL:     7   Next: 40%
Magic:  8/12       EV: 18    Int: 19    God:
Gold:   339        SH:  0    Dex: 16    Spells: 2/11 levels left

rFire    + . .     SeeInvis +   a - +2 dagger
rCold    . . .     Gourm    .   (shield restricted)
rNeg     . . .     Faith    .   e - +1 robe {rF+}
rPois    .         Spirit   .   (helmet restricted)
rElec    .         Reflect  .   t - +0 cloak (curse)
rCorr    .         Harm     .   (gloves unavailable)
MR       +....                  (boots unavailable)
Stlth    ++++......             (no amulet)
Regen    0.1/turn               (no ring)
MPRegen  0.2/turn               (no ring)

@: about to teleport, very quick
A: unfitting armour, see invisible, herbivore 3, speed 3, slow metabolism 2
a: no special abilities


You were on level 4 of the Dungeon.
You were hungry.

You visited 1 branch of the dungeon, and saw 4 of its levels.

You collected 339 gold pieces.

Inventory:

Hand Weapons
 a - a +2 dagger (weapon)
Missiles
 m - 2 tomahawks of returning (quivered)
Armour
 e - a +1 robe of fire resistance (worn)
 t - a cursed +0 cloak (worn)
Scrolls
 b - 2 scrolls of remove curse
 i - a scroll of random uselessness {unknown}
 j - a scroll of noise {unknown}
 q - a scroll of teleportation
 r - a scroll of fear {unknown}
Potions
 f - a potion of might
 g - a potion of heal wounds {unknown}
 h - a potion of mutation {unknown}
 l - a potion of lignification {unknown}
 n - a potion of flight {unknown}
 o - a potion of invisibility {unknown}
 p - 2 potions of magic {unknown}
 s - a potion of brilliance {unknown}
 u - a potion of ambrosia {unknown}
Books
 c - a book of Maledictions

   Spells                             Type                      Level
   a - Corona                         Hexes                        1
   b - Ensorcelled Hibernation        Hexes/Ice                    2
   c - Confuse                        Hexes                        3
   d - Tukima's Dance                 Hexes                        3
   e - Dazzling Spray                 Conjuration/Hexes            3
 v - a book of Cantrips

   Spells                             Type                      Level
   a - Confusing Touch                Hexes                        1
   b - Animate Skeleton               Necromancy                   1
   c - Summon Small Mammal            Summoning                    1
   d - Apportation                    Translocation                1
Comestibles
 d - 2 bread rations


   Skills:
 - Level 1.1 Short Blades
 - Level 3.0 Dodging
 - Level 8.6 Stealth
 - Level 2.6 Spellcasting
 - Level 6.5 Hexes
 + Level 3.8 Ice Magic


You had 2 spell levels left.
You knew the following spells:

 Your Spells              Type           Power        Failure   Level  Hunger
a - Ensorcelled Hibernat  Hex/Ice        ###...       2%          2    ##.....
b - Tukima's Dance        Hex            ####....     3%          3    ###....
c - Confuse               Hex            ####....     3%          3    ###....
d - Corona                Hex            ####...      1%          1    None


Dungeon Overview and Level Annotations

Branches:
Dungeon (4/15)
 Temple: D:4-7

Altars:
Sif Muna
The Shining One

Annotations:
D:4 Shinoi's ghost, amateur DgCj


Innate Abilities, Weirdness & Mutations

You are very small and have problems with some larger weapons.
You are too small for most types of armour.
You have supernaturally acute eyesight. (SInv)
You are a herbivore.
You cover ground extremely quickly.
You need consume almost no food.


Message History

You feel better.
Shinoi's ghost hits you but does no damage.
Casting: Confuse
Confirm with . or Enter, or press ? or * to list all spells.
Aiming: Confuse
Press: ? - help, Shift-Dir - straight line, f/p - Shinoi's ghost
Aim: Shinoi's ghost, wielding a weapon of flaming (almost destroyed, chance to defeat MR: 38%)
Okay, then.
You feel better.
Shinoi's ghost points at you and mumbles some strange words.
The orb of energy misses you. Shinoi's ghost casts a spell at you.
The magic dart hits you!
* * * LOW HITPOINT WARNING * * *
As you read the scroll of teleportation, it crumbles to dust.
You feel strangely unstable.
You hit Shinoi's ghost but do no damage.
Shinoi's ghost is almost destroyed.
Shinoi's ghost hits you!
You die...

.#.......# #.# ##)#.#
.#.....).# #.# #..#.#
.#......W###.### ##.##.#
..........##...###..##.#
#.##?........#.....###(#####
#.#####..###...............#
#.## #....................#
...# #.####.......)(......#
.#># #.# #....@W..(......#
...####... ##...)..(.......#
........#.###..............#
...........................#
##....###.......[.........(#
...........#...............
..#####.#..................
...O.....###.#...##########
.######........###


You could see Shinoi's ghost.

Vanquished Creatures
  Sigmund (D:2)
  3 ogres (D:4)
  An orc priest (D:3)
  Crazy Yiuf (D:3)
  An orc wizard (D:3)
  2 worker ants (D:4)
  4 adders
  4 oozes
  4 dart slugs
  A leopard gecko (D:2)
  11 orcs
  3 giant cockroaches
  12 hobgoblins
  6 kobolds
  A quokka (D:3)
  2 ball pythons
  8 bats
  3 frilled lizards
  8 goblins
  8 rats
84 creatures vanquished.

Vanquished Creatures (collateral kills)
  5 orcs
5 creatures vanquished.

Vanquished Creatures (others)
  A dancing weapon (D:3)
1 creature vanquished.

Grand Total: 90 creatures vanquished

Notes
Turn   | Place    | Note
-------+----------+-------------------------------------------
     0 | D:1      | Dominolapin the Spriggan Enchanter began the quest for the Orb.
     0 | D:1      | Reached XP level 1. HP: 9/9 MP: 5/5
   591 | D:1      | Reached XP level 2. HP: 13/13 MP: 4/6
   595 | D:1      | Learned a level 2 spell: Ensorcelled Hibernation
   782 | D:1      | Reached skill level 5 in Stealth
  1156 | D:1      | Reached XP level 3. HP: 13/16 MP: 1/8
  1531 | D:2      | Noticed Sigmund
  1556 | D:2      | Killed Sigmund
  1556 | D:2      | Reached skill level 7 in Stealth
  1556 | D:2      | Reached XP level 4. HP: 21/21 MP: 2/9
  1556 | D:2      | Reached XP level 5. HP: 24/24 MP: 2/10
  1754 | D:2      | Learned a level 3 spell: Confuse
  1758 | D:2      | Learned a level 3 spell: Tukima's Dance
  2355 | D:3      | Reached skill level 8 in Stealth
  2413 | D:3      | Reached XP level 6. HP: 7/28 MP: 0/11
  2687 | D:3      | Found a glowing golden altar of the Shining One.
  3389 | D:3      | Found a faded altar of an unknown god.
  3421 | D:3      | Found a runed door.
  3425 | D:3      | Noticed Crazy Yiuf
  3429 | D:3      | Killed Crazy Yiuf
  3708 | D:3      | Reached skill level 1 in Ice Magic
  3749 | D:4      | Found a deep blue altar of Sif Muna.
  3813 | D:4      | Reached XP level 7. HP: 32/32 MP: 9/12
  3916 | D:4      | Noticed Shinoi's ghost (amateur DgCj)
  4210 | D:4      | HP: 1/32 [Shinoi's ghost/magic dart (6)]
  4217 | D:4      | Slain by Shinoi's ghost

Vault maps used:
D:1:      dpeg_arrival_three_smaller_balls
D:2:      uniq_sigmund
D:3:      lemuel_coloured_pillars_altar, chequers_ecumenical_altar_twisty,
          first_bread, serial_aquarium, aquarium_bridge_square,
          aquarium_bridge_square, aquarium_window_1, aquarium_window_1,
          aquarium_view_2d, guppyfry_early_orc_mine, uniq_crazy_yiuf_cottage
D:4:      overflow_temple_1_default

Skill      XL: |  1  2  3  4  5  6 |
---------------+-------------------+-----
Hexes          | 4 6 |  6.5
Stealth        | 5 7 8 |  8.6
Ice Magic      | 3 |  3.8
Short Blades   | |  1.1
Dodging        | |  3.0
Spellcasting   | |  2.6

Action                   |  1- 3 |  4- 6 |  7- 9 || total
-------------------------+-------+-------+-------++-------
Melee: Dagger            |   116 |   123 |    35 ||   274
Throw: Tomahawk          |       |     1 |     4 ||     5
 Cast: Corona            |     9 |     3 |       ||    12
       Ensorcelled Hiber |    21 |    43 |     8 ||    72
       Tukima's Dance    |       |     8 |     3 ||    11
       Confuse           |       |     1 |     4 ||     5
  Use: Scroll            |     3 |     1 |     1 ||     5
       Potion            |     2 |       |     2 ||     4
 Stab: Sleeping          |    14 |    37 |     3 ||    54
       Confused          |       |       |     2 ||     2
  Eat: Bread ration      |       |     1 |       ||     1
Armor: Robe              |    18 |     9 |     3 ||    30
Dodge: Dodged            |   110 |    96 |    19 ||   225
